 Dungeon Crawl Stone Soup version 0.20-a0-217-g17e8ceb (webtiles) character file.

130482 Lochraine the Impaler (level 16, -5/144 HPs)
             Began as a Centaur Gladiator on Nov 28, 2016.
             Was the Champion of Fedhas.
             Killed by the air
             ... invoked by a wind drake
              (9 damage)
             ... on level 1 of the Shoals on Nov 29, 2016.
             The game lasted 02:27:09 (36824 turns).

Lochraine the Impaler (Centaur Gladiator)          Turns: 36824, Time: 02:27:10

Health: -5/144     AC: 14    Str: 22    XL:     16   Next: 53%
Magic:  21/22      EV: 14    Int:  7    God:    Fedhas [******]
Gold:   2015       SH:  0    Dex: 22    Spells: 15/15 levels left

rFire  + . .     SeeInvis .     a - +12 glaive of Prune {chop}
rCold  . . .     Gourm    .     X - +1 troll leather armour {Snorg}
rNeg   . . .     Faith    .     (shield currently unavailable)
rPois  +         Spirit   .     e - +2 helmet
rElec  .         Reflect  .     V - +0 cloak
rCorr  .         Harm     .     m - +1 pair of gloves
MR     +....                    (no barding)
Stlth  +.........               (no amulet)
                                l - ring "Udwivoneku" {rPois rF+ AC+1 Str+4}
                                N - +3 ring of dexterity

@: very quick
A: hooves 3, agile 1, deformed body, speed 2, tough skin 3
a: Fungal Bloom, Evolution, Sunlight, Growth, Reproduction, Rain, Renounce
Religion


You were on level 1 of the Shoals.
You worshipped Fedhas.
Fedhas was exalted by your worship.
You were not hungry.

You visited 6 branches of the dungeon, and saw 27 of its levels.
You also visited: Ice Cave.

You collected 2819 gold pieces.
You spent 804 gold pieces at shops.

Inventory:

Hand Weapons
 a - the +12 glaive of Prune (weapon) {chop}
   (You found it on level 6 of the Lair of Beasts)

   It inflicts extra damage upon your enemies.
 b - a +1 longbow
 c - the +6 bardiche "Feimatt" {flame, rF+ Str+3 Dex+3}
   (You found it on level 1 of the Orcish Mines)

   It has been specially enchanted to burn those struck by it, causing extra
   injury to most foes and up to half again as much damage against particularly
   susceptible opponents.
   Big, fiery blades are also staple armaments of hydra-hunters.
   It affects your strength (+3).
   It affects your dexterity (+3).
   It protects you from fire.
 x - the +10 triple crossbow of Misery {velocity, rElec Int+2 SInv}
   (You found it on level 1 of the Orcish Mines)

   Any bolt fired from it inflicts extra damage.
   It affects your intelligence (+2).
   It insulates you from electricity.
   It lets you see invisible.
 M - the +0 quarterstaff of Itophageaj {crush, rN+ MR++}
   (You found it on level 1 of the Orcish Mines)

   It inflicts extra damage upon your enemies.
   It protects you from negative energy.
   It affects your resistance to hostile enchantments.
Missiles
 d - 3 throwing nets (quivered)
 s - 45 bolts
 A - 397 arrows
Armour
 e - a +2 helmet (worn)
 m - a +1 pair of gloves (worn)
 V - a +0 cloak (worn)
 X - a +1 troll leather armour (worn) {Snorg}
Jewellery
 l - the ring "Udwivoneku" (right hand) {rPois rF+ AC+1 Str+4}
   (You bought it in a shop on level 1 of the Snake Pit)

   [ring of protection]

   It affects your AC (+1).
   It affects your strength (+4).
   It protects you from fire.
   It protects you from poison.
 q - an uncursed ring of resist corrosion
 N - a +3 ring of dexterity (left hand)
 Y - an uncursed ring of protection from cold
Wands
 p - a wand of slowing (5/48)
 u - a wand of iceblast (2/15)
 v - a wand of slowing (20/48)
 y - a wand of disintegration (13/24)
 C - a wand of flame (25/48)
 F - a wand of acid (4/15)
 J - a wand of paralysis (0/24)
 O - a wand of digging (11/24)
 P - a wand of teleportation (5/9)
 T - a wand of disintegration (19/24)
 Z - a wand of lightning (2/15)
Scrolls
 i - a scroll of immolation
 j - 4 scrolls of identify
 k - 6 scrolls of magic mapping
 w - 9 scrolls of remove curse
 z - 4 scrolls of teleportation
 E - 4 scrolls of recharging
Potions
 n - 4 potions of resistance
 o - 3 potions of flight
 r - a potion of brilliance
 t - 2 potions of lignification
 D - 2 potions of cancellation
 K - a potion of ambrosia
Miscellaneous
 W - a phial of floods (inert)
Comestibles
 f - 9 bread rations
 g - 2 fruits
 h - 10 meat rations
 L - 15 royal jellies
 S - 5 slices of pizza


   Skills:
 - Level 13.4 Fighting
 - Level 16.7 Polearms
 - Level 15.4 Bows
 + Level 5.7 Crossbows
 - Level 2.1 Throwing
 - Level 5.2 Armour
 - Level 6.1 Dodging
 - Level 9.1 Invocations
 - Level 6.1 Evocations


You had 15 spell levels left.
You didn't know any spells.

Dungeon Overview and Level Annotations

Branches:
Dungeon (15/15)            Temple (1/1) D:6            Lair (6/6) D:10
 Shoals (1/4) Lair:3        Snake (2/4) Lair:4        Slime (0/5) Lair:5
    Orc (2/2) D:12            Elf (0/3) Orc:2        Vaults (0/5) D:13
 Depths (0/5) D:15

Altars:
Ashenzari
Cheibriados
Dithmenos
Elyvilon
Fedhas
Gozag
Hepliaklqana
Kikubaaqudgha
Makhleb
Nemelex Xobeh
Okawaru
Qazlal
Ru
Sif Muna
Trog
Uskayaw
Vehumet
Xom
Yredelemnul
Zin
The Shining One

Shops:
D:5 (   D:8 !   D:12 [   Orc:2 *[}*   Snake:1 =


Innate Abilities, Weirdness & Mutations

You have hooves in place of feet.
Armour fits poorly on your strangely shaped body.
You cover ground very quickly.
You have extremely tough skin. (AC +3)
You are agile. (Dex +2)


Message History

The wind drake flaps its wings at you. The air twists around and strikes you!
Your oklob plant spits acid at the wind drake.
The splash of acid hits the water nymph.
The water nymph is splashed with acid.
You see here a wind drake skeleton.
Okay, then.
Okay, then.
Evoke which item? (* to show all) (? for menu, Esc to quit)
Okay, then.
Okay, then.
Attack whom?
Press: ? - help, Dir - move target cursor, f - water nymph
Aim: a water nymph (almost dead, covered in acid)
You reach to attack!
You slice the water nymph!!
You kill the water nymph!
The wind drake flaps its wings at you. The air twists around and strikes you!
You die...
Fedhas appreciates your contribution to the ecosystem.

P≈≈P..≈))≈≈..≈≈≈≈.....##...
≈≈P≈PP...≈≈≈≈≈.≈≈≈≈..........
..≈P≈≈.....>...≈≈≈≈≈.........
PPP≈≈...≈≈≈....≈≈..≈≈....##..
..≈.....≈≈≈.P≈≈.P.≈P≈≈..####.
≈≈≈.≈P)##..P.≈≈(....≈≈)...##..
≈≈≈≈≈≈...##.#.........≈≈≈......
≈≈≈≈≈≈........P....##.P.÷.≈....
≈≈≈≈≈......≈PP@PP≈....≈≈.)≈≈≈≈≈
.≈≈≈≈.P..k.(P..≈≈≈..P.P≈≈≈..≈≈.
.P≈P≈(......P≈≈≈≈≈....≈≈≈≈.....
.≈≈≈≈..P..()...≈≈$P...≈≈≈≈≈...#
.≈≈≈≈†PP.(P.....≈...≈≈≈≈≈.....#
≈≈k≈≈....k)..#.P..≈≈≈≈≈≈....###
≈≈≈≈≈.............≈≈≈≈≈≈.####
≈≈≈≈.......?.≈≈≈...(≈≈≈≈.##
≈≈≈≈.(.......≈≈...(.(≈≈...#####


You could see a wind drake, a rime drake, 2 neutral active ballistomycetes and a
friendly oklob plant.

Vanquished Creatures
  2 frost giants
  Snorg (Lair:4)
  Josephine (Orc:1)
  6 hydras
  Erica (D:9)
  8 naga warriors
  3 centaur warriors
  A death knight (D:15)
  5 anacondas
  3 tengu warriors (D:13)
  5 death yaks (Lair:5)
  A shock serpent (Snake:1)
  3 naga sharpshooters (Snake:1)
  3 orc high priests (Orc:2)
  Urug (Lair:4)
  A deep elf archer (D:13)
  21 hill giants
  2 sea snakes (Shoals:1)
  3 unseen horrors
  A naga ritualist (Snake:2)
  4 deep elf magi (D:13)
  An ugly thing (D:13)
  8 orc knights
  4 harpies (Shoals:1)
  6 cyclopes
  4 mana vipers
  4 orc sorcerers (Orc:2)
  3 fauns (Shoals:1)
  6 manticores
  A salamander (Snake:1)
  10 elephants
  16 black mambas
  2 water nymphs (Shoals:1)
  3 merfolk sirens (Shoals:1)
  2 guardian serpents
  A torpor snail (Lair:5)
  Psyche (D:9)
  2 gargoyles
  3 naga magi (Snake:1)
  5 spiny frogs
  2 rime drakes (Lair:2)
  A freezing wraith (D:15)
  4 yaktaurs (D:13)
  2 efreet (D:13)
  5 komodo dragons
  4 merfolk (Shoals:1)
  A queen bee (Lair:5)
  5 meliai
  6 trolls
  9 blink frogs
  4 polar bears (Lair:6)
  5 two-headed ogres
  A hornet (D:14)
  6 slime creatures
  A wind drake (Shoals:1)
  3 dream sheep (Lair:3)
  9 hippogriffs
  A snapping turtle (Shoals:1)
  A vampire (D:12)
  A shadow (D:13)
  A water elemental (Shoals:1)
  7 wraiths
  A human (D:8)
  4 basilisks
  4 wyverns
  A death yak simulacrum (IceCv)
  29 yaks
  2 hungry ghosts (D:10)
  A steam dragon (D:11)
  3 vampire mosquitoes (D:15)
  Grum (D:9)
  13 wargs
  An acid dragon (D:14)
  12 hell hounds (Lair:6)
  An acid dragon (shapeshifter) (D:13)
  14 nagas
  5 swamp worms (Lair:2)
  11 water moccasins
  A hornet zombie (D:11)
  6 porcupines
  19 orc warriors
  4 sky beasts
  3 ice beasts
  6 black bears
  27 wolves
  19 ogres
  An eye of draining (D:14)
  13 centaurs
  13 crocodiles
  A big kobold (D:11)
  19 bullfrogs
  A gnoll sergeant (D:5)
  5 wyvern skeletons
  35 killer bees
  4 wights (D:6)
  3 howler monkeys (D:5)
  7 crimson imps
  3 centaur zombies
  A quasit (D:10)
  2 bullfrog zombies
  5 centaur skeletons
  5 hounds
  3 jellies
  20 orc wizards
  2 bullfrog skeletons
  11 orc priests
  Ijyb (D:1)
  Terence (D:2)
  6 iguanas
  13 worker ants
  2 wolf simulacra (IceCv)
  A killer bee zombie (D:6)
  A hound zombie (D:11)
  3 hound skeletons
  Robin (D:2)
  11 gnolls
  24 adders
  3 shadow imps
  An ooze (D:4)
  3 adder zombies
  2 adder skeletons
  17 worms
  3 dart slugs
  2 leopard geckos
  75 orcs
  8 giant cockroaches
  19 goblins
  9 hobgoblins
  10 jackals
  8 kobolds
  5 quokkas
  A ball python (D:6)
  3 bats
  3 frilled lizards
  8 rats
  2 ballistomycetes
825 creatures vanquished.

Vanquished Creatures (collateral kills)
  Rupert (Lair:4)
  A dire elephant (Lair:6)
  4 hydras
  The ghost of Zorot the Geomancer, a journeyman GrEE of Vehumet (Lair:2)
  A death yak (Lair:5)
  Nergalle (Lair:2)
  A merfolk siren (Shoals:1)
  5 elephants
  5 spiny frogs
  A rime drake (Shoals:1)
  5 komodo dragons
  5 polar bears (Lair:6)
  A meliai (Lair:5)
  A merfolk (Shoals:1)
  6 blink frogs
  A slime creature (Lair:5)
  4 dream sheep (Lair:3)
  4 hippogriffs
  18 yaks
  2 wyverns
  A basilisk (Lair:6)
  A death yak simulacrum (IceCv)
  A steam dragon (Shoals:1)
  3 nagas (Lair:4)
  A warg (Lair:6)
  4 water moccasins
  3 hell hounds (Lair:6)
  6 black bears (Lair:6)
  3 wolves (Lair:6)
  2 ogres (D:9)
  6 crocodiles
  8 killer bees (Lair:5)
  4 iguanas (Lair:2)
  2 ballistomycete spores (Shoals:1)
  A hyperactive ballistomycete (D:13)
114 creatures vanquished.

Vanquished Creatures (others)
  3 oklob plants (Lair:5)
  A rime drake (Lair:5)
  A bullfrog (Lair:5)
  3 ballistomycetes
  8 ballistomycete spores
  A bush (Lair:5)
  26 fungi
  23 plants
  508 toadstools
574 creatures vanquished.

Grand Total: 1513 creatures vanquished

Notes
Turn   | Place    | Note
-------+----------+-------------------------------------------
     0 | D:1      | Lochraine the Centaur Gladiator began the quest for the Orb.
     0 | D:1      | Reached XP level 1. HP: 17/17 MP: 1/1
    66 | D:1      | Reached skill level 3 in Polearms
   204 | D:1      | Reached XP level 2. HP: 22/24 MP: 2/2
   670 | D:2      | Reached XP level 3. HP: 26/29 MP: 3/3
   682 | D:2      | Noticed Ijyb
   684 | D:2      | Noticed Terence
   724 | D:1      | Killed Ijyb
   919 | D:2      | Reached XP level 4. HP: 37/37 MP: 4/4
   931 | D:2      | Killed Terence
   931 | D:2      | Reached skill level 4 in Polearms
  1491 | D:2      | Reached XP level 5. HP: 35/42 MP: 5/5
  1577 | D:2      | Noticed Robin
  1892 | D:2      | Reached skill level 5 in Polearms
  2006 | D:2      | Killed Robin
  2589 | D:3      | Reached XP level 6. HP: 46/50 MP: 6/6
  2983 | D:4      | Reached skill level 6 in Polearms
  3402 | D:4      | Got a twisted robe
  3413 | D:4      | Identified the +2 robe of Fashionability {*Corrode rC- Str+10 Dex+9} (You found it on level 4 of the Dungeon)
  4237 | D:5      | Entered Level 5 of the Dungeon
  4248 | D:5      | Reached skill level 7 in Polearms
  4248 | D:5      | Reached XP level 7. HP: 56/56 MP: 7/7
  4510 | D:5      | Reached skill level 8 in Polearms
  4739 | D:5      | Reached XP level 8. HP: 44/62 MP: 8/8
  5153 | D:5      | Found Epuoc's Antique Weapon Emporium.
  5179 | D:5      | Reached skill level 9 in Polearms
  5316 | D:6      | Found a staircase to the Ecumenical Temple.
  5322 | Temple   | Entered the Ecumenical Temple
  5339 | Temple   | Became a worshipper of Fedhas Madash
  6421 | D:6      | Reached skill level 10 in Polearms
  7175 | D:6      | Reached XP level 9. HP: 70/70 MP: 9/9
  8181 | D:8      | Found Nihocri's Distillery.
  8184 | D:8      | Bought a potion of heal wounds for 80 gold pieces
  8184 | D:8      | Bought a potion of curing for 48 gold pieces
  8184 | D:8      | Bought a potion of heal wounds for 80 gold pieces
  8184 | D:8      | Bought a potion of agility for 64 gold pieces
  8402 | D:9      | Reached skill level 11 in Polearms
  8678 | D:9      | Reached skill level 5 in Fighting
  8916 | D:9      | Noticed Psyche
  9067 | D:9      | Killed Psyche
  9067 | D:9      | Reached XP level 10. HP: 48/81 MP: 10/10
  9271 | D:9      | Noticed Grum
  9291 | D:9      | Reached skill level 1 in Bows
  9609 | D:9      | Reached skill level 5 in Bows
  9802 | D:9      | Reached * piety under Fedhas
  9857 | D:9      | Noticed Erica
  9910 | D:9      | Killed Erica
 10278 | D:9      | Killed Grum
 10436 | D:9      | Reached skill level 1 in Invocations
 10443 | D:9      | Reached skill level 1 in Evocations
 10790 | D:10     | Entered Level 10 of the Dungeon
 10856 | D:10     | Found a staircase to the Lair.
 10991 | D:10     | Reached XP level 11. HP: 80/88 MP: 13/13
 11058 | D:10     | Noticed a hill giant
 11089 | D:10     | Killed a hill giant
 11156 | D:10     | Found a blossoming altar of Fedhas.
 11574 | D:10     | Reached skill level 10 in Bows
 11725 | D:10     | Reached skill level 5 in Invocations
 12130 | D:11     | Reached ** piety under Fedhas
 12155 | D:11     | Found a snail-covered altar of Cheibriados.
 12265 | D:11     | Noticed a hill giant
 12273 | D:11     | Killed a hill giant
 12361 | D:11     | Reached skill level 5 in Evocations
 12510 | D:11     | Noticed a hill giant
 12519 | D:11     | Killed a hill giant
 12538 | D:11     | Noticed a hill giant
 12579 | D:11     | Killed a hill giant
 13344 | Lair:1   | Entered Level 1 of the Lair of Beasts
 13689 | Lair:1   | Noticed a four-headed hydra
 14327 | Lair:1   | Reached XP level 12. HP: 73/94 MP: 14/17
 14407 | Lair:1   | Killed a four-headed hydra
 14407 | Lair:1   | Reached skill level 1 in Armour
 14475 | Lair:2   | Noticed Zorot's ghost (journeyman GrEE)
 14815 | Lair:2   | Found a frozen archway.
 14831 | IceCv    | Entered an ice cave
 15288 | Lair:2   | Killed a four-headed hydra
 15406 | Lair:2   | Noticed Nergalle
 15428 | Lair:2   | Killed Nergalle
 15467 | Lair:2   | Killed Zorot's ghost
 15606 | Lair:2   | Reached *** piety under Fedhas
 15827 | Lair:2   | Noticed a six-headed hydra
 15834 | Lair:2   | Noticed a five-headed hydra
 15845 | Lair:2   | Killed a six-headed hydra
 15853 | Lair:2   | Killed a five-headed hydra
 17383 | Lair:3   | Found a staircase to the Shoals.
 17485 | Lair:3   | Reached XP level 13. HP: 48/105 MP: 19/19
 17492 | Lair:3   | HP: 3/105 [dream sheep (15)]
 18109 | Lair:4   | Noticed Urug
 18122 | Lair:4   | Killed Urug
 18141 | Lair:4   | Reached **** piety under Fedhas
 18415 | Lair:4   | Found a staircase to the Snake Pit.
 18831 | Lair:4   | Noticed Snorg
 18901 | Lair:4   | Killed Snorg
 18944 | Lair:4   | Noticed Rupert
 18993 | Lair:4   | Killed Rupert
 19656 | Lair:5   | Found a staircase to the Slime Pits.
 20225 | Lair:5   | Reached skill level 10 in Fighting
 20595 | Lair:5   | Got an ichor-stained rapier
 20596 | Lair:5   | Identified the +7 rapier of Kyseidexock {flame, Fragile rC+ MR+ Int+2} (You found it on level 5 of the Lair of Beasts)
 20628 | Lair:5   | HP: 5/114 [death yak (25)]
 21463 | Lair:5   | Reached ***** piety under Fedhas
 22938 | Lair:6   | Entered Level 6 of the Lair of Beasts
 22949 | Lair:6   | Reached XP level 14. HP: 104/127 MP: 15/20
 24119 | Lair:6   | Reached skill level 5 in Dodging
 25847 | D:12     | Found a staircase to the Orcish Mines.
 25852 | D:12     | Found Veru Tyh's Armour Emporium.
 25939 | D:12     | Reached skill level 5 in Armour
 26553 | D:13     | Reached skill level 12 in Polearms
 27031 | D:13     | Reached ****** piety under Fedhas
 28164 | D:13     | Found a gate to the Vaults.
 28676 | D:13     | Reached skill level 15 in Bows
 29026 | D:13     | Reached XP level 15. HP: 120/136 MP: 21/21
 29190 | D:14     | Paralysed by a hornet for 2 turns
 29299 | D:14     | Got a pair of dazzling gloves
 29310 | D:14     | Identified the cursed -5 pair of gloves of Gluttony {Dex+4} (You found it on level 14 of the Dungeon)
 29368 | D:14     | Reached skill level 13 in Polearms
 29721 | D:15     | Entered Level 15 of the Dungeon
 30606 | D:15     | Noticed a frost giant
 30614 | D:15     | Killed a frost giant
 30651 | D:15     | Found a staircase to the Depths.
 30782 | Orc:1    | Entered Level 1 of the Orcish Mines
 30867 | Orc:1    | Noticed Josephine
 30888 | Orc:1    | Killed Josephine
 31263 | Orc:1    | Reached skill level 14 in Polearms
 31906 | Orc:1    | Noticed a frost giant
 31918 | Orc:1    | Killed a frost giant
 32048 | Orc:1    | Got a jewelled bardiche
 32049 | Orc:1    | Identified the +6 bardiche "Feimatt" {flame, rF+ Str+3 Dex+3} (You found it on level 1 of the Orcish Mines)
 32054 | Orc:1    | Got a faintly glowing triple crossbow
 32055 | Orc:1    | Identified the +10 triple crossbow of Misery {velocity, rElec Int+2 SInv} (You found it on level 1 of the Orcish Mines)
 32059 | Orc:1    | Got a polished quarterstaff
 32060 | Orc:1    | Identified the cursed +0 quarterstaff of Itophageaj {crush, rN+ MR++} (You found it on level 1 of the Orcish Mines)
 32095 | Orc:1    | Identified the Disquisition on Enchantment
 32219 | Orc:2    | Entered Level 2 of the Orcish Mines
 32294 | Orc:2    | Found a staircase to the Elven Halls.
 32550 | Orc:2    | Found Obla's Assorted Antiques.
 32586 | Orc:2    | Reached skill level 15 in Polearms
 33322 | Orc:2    | Found Eblomos's Antique Armour Boutique.
 33326 | Orc:2    | Bought a fizzy dark potion for 19 gold pieces
 33326 | Orc:2    | Bought a purple potion for 19 gold pieces
 33330 | Orc:2    | Gained mutation: You are agile. (Dex +2) [potion of mutation]
 33330 | Orc:2    | Gained mutation: You are very agile. (Dex +4) [potion of mutation]
 33330 | Orc:2    | Lost mutation: You are very agile. (Dex +4) [potion of mutation]
 33333 | Orc:2    | Found Berefad's General Store.
 33335 | Orc:2    | Found Zoqeumim's Gadget Shoppe.
 33341 | Orc:2    | Bought a scroll of identify for 32 gold pieces
 33341 | Orc:2    | Bought a scroll of teleportation for 48 gold pieces
 33606 | Snake:1  | Entered Level 1 of the Snake Pit
 33883 | Snake:1  | HP: 9/204 [anaconda (2)]
 33887 | Snake:1  | HP: 3/136 [anaconda (2)]
 34198 | Snake:1  | Reached XP level 16. HP: 107/144 MP: 22/22
 34656 | Snake:1  | Reached skill level 16 in Polearms
 34935 | Snake:1  | Found Mudeubus's Jewellery Boutique.
 34942 | Snake:1  | Bought the ring "Udwivoneku" {rPois rF+ AC+1 Str+4} for 414 gold pieces
 36158 | Shoals:1 | Entered Level 1 of the Shoals
 36220 | Shoals:1 | Reached skill level 1 in Crossbows
 36644 | Shoals:1 | Reached skill level 5 in Crossbows
 36821 | Shoals:1 | HP: 2/144 [water nymph/the raging water (39)]
 36824 | Shoals:1 | Killed from afar by a wind drake

Vault maps used:
D:1:      minmay_arrival_open_corners
D:2:      first_bread, uniq_terence, uniq_iyjb, uniq_robin
D:3:      serial_glass, glass_columns_b, glass_columns_a
D:5:      serial_shops, nicolae_shop_overgrown_old_shop
D:6:      kennysheep_generic_room_11
D:8:      serial_shops, kennysheep_mini_moat, hangedman_glass_teeth,
          grunt_pizzeria
D:9:      lemuel_ogre_cave, uniq_erica, uniq_psyche, uniq_grum
D:10:     lair_entry_dummy, fedhas_altar_2
D:11:     basic_altar
D:12:     orc_david_3
D:13:     hangedman_vaults_entry_quadrant_bands, serial_co_window_serial,
          co_window_corner_a, co_window_paths_a, co_window_of_opportunity_a,
          co_window_paths_a, co_window_corner_a, co_window_corner_cb,
          co_window_cross_2, co_window_corner_cb, co_window_cross_2,
          co_window_unsneaky_path_b, co_window_2corner, co_window_broadway_b,
          co_window_paths_e, co_window_4corner_a, glass_columns_b,
          glass_columns_a, glass_columns_a, glass_columns_a, glass_columns_b
D:14:     enter_bailey_3, minivault_27, nrook_guardian_serpent_double
D:15:     grunt_enter_depths_snipers
Temple:   nicolae_temple_the_god_donut
Lair:2:   beast_lair_carwin_large_4, portal_ice_cave_rime, minivault_11,
          worms_lemuel, lemuel_fruit_tree, uniq_nergalle
Lair:3:   minmay_shoals_entry_beasts, beast_lair_carwin_3
Lair:4:   minmay_snake_entry_guardpost_small, uniq_snorg, uniq_rupert, uniq_urug
Lair:5:   regret_index_combs_of_tragedy, minmay_slime_entry_pillars,
          beast_lair_carwin_7, minmay_lair_oklob_chamber
Lair:6:   hangedman_lair_caniforms_friends, grunt_megastairs_5
Shoals:1: serial_shops, shop, nicolae_shoals_drake_roost
Snake:1:  serial_shops, nicolae_shop_crystal
Snake:2:  spider_trap
Orc:1:    giant_chief_lemuel, uniq_josephine
Orc:2:    st_orc_elflike
IceCv:    ice_cave_small_necro

Skill      XL: |  1  2  3  4  5  6  7  8  9 10 11 12 13 14 15 16 |
---------------+-------------------------------------------------+-----
Polearms       | 3 4 5 7 8 10 11 12 15 16 | 16.7
Fighting       | 3 5 7 12 13 | 13.4
Dodging        | 3 4 6 |  6.1
Bows           | 9 11 14 15 | 15.4
Invocations    | 3 7 9 |  9.1
Evocations     | 3 6 |  6.1
Armour         | 3 5 |  5.2
Crossbows      | 5 |  5.7
Throwing       | |  2.1

Action                   |  1- 3 |  4- 6 |  7- 9 | 10-12 | 13-15 | 16-18 || total
-------------------------+-------+-------+-------+-------+-------+-------++-------
Melee: Trident           |   118 |   294 |   489 |    81 |   430 |       ||  1412
       Kick              |    15 |    58 |   170 |    31 |   407 |    37 ||   718
       Rapier            |       |       |       |       |    12 |       ||    12
       Glaive            |       |       |       |       |   919 |   177 ||  1096
       Bardiche          |       |       |       |       |    22 |       ||    22
 Fire: Shortbow          |       |       |       |   855 |   222 |       ||  1077
       Longbow           |       |       |       |       |    48 |   144 ||   192
Throw: Javelin           |       |     4 |     3 |     1 |       |       ||     8
       Throwing net      |       |       |       |     3 |     2 |       ||     5
Invok: Fungal Bloom      |       |       |     8 |    10 |    93 |     7 ||   118
       Sunlight          |       |       |       |     6 |     6 |       ||    12
       Evolution         |       |       |       |     2 |     7 |     1 ||    10
       Reproduction      |       |       |       |       |     4 |     3 ||     7
Evoke: Wand              |       |       |     7 |    20 |    18 |     1 ||    46
       Phial of floods   |       |       |       |     3 |     1 |     1 ||     5
  Use: Scroll            |       |     3 |     6 |     9 |    23 |     2 ||    43
       Potion            |       |       |       |    12 |    21 |     3 ||    36
 Stab: Sleeping          |       |       |     5 |       |     1 |       ||     6
       Distracted        |       |       |       |     1 |     4 |     1 ||     6
       Paralysed         |       |       |       |       |     2 |       ||     2
       Invisible         |       |       |       |       |     2 |       ||     2
  Eat: Chunk             |       |     8 |     9 |     3 |    22 |     2 ||    44
       Meat ration       |       |       |     1 |       |     1 |       ||     2
       Pizza             |       |       |       |     3 |     3 |       ||     6
       Beef jerky        |       |       |       |     3 |     2 |       ||     5
       Bread ration      |       |       |       |     2 |     3 |     2 ||     7
Armor: Leather armour    |    37 |    66 |       |       |       |       ||   103
       Robe              |       |     4 |    63 |    97 |     6 |       ||   170
       Troll leather arm |       |       |       |       |   382 |    70 ||   452
       Skin              |       |       |       |       |     1 |       ||     1
Dodge: Dodged            |    51 |   120 |   134 |   162 |   676 |   107 ||  1250
Block: Buckler           |       |       |    18 |    10 |       |       ||    28
